 Dungeon Crawl Stone Soup version 0.27-a0-1232-gc6a4cbde82 (webtiles) character file.

Game seed: 11842856796943529584

5628 ZappyNine the Fighter (level 10, -27/111 HPs)
             Began as an Ogre Fighter on June 8, 2021.
             Was an Elder of Okawaru.
             Annihilated by a two-headed ogre
             ... wielding a +0 giant spiked club
              (28 damage)
             ... on level 9 of the Dungeon.
             The game lasted 00:14:53 (14411 turns).

ZappyNine the Fighter (Ogre Fighter)               Turns: 14411, Time: 00:14:53

Health: -27/111    AC: 13    Str: 23    XL:     10   Next: 74%
Magic:  14/14      EV: 11    Int:  9    God:    Okawaru [****..]
Gold:   550        SH:  0    Dex: 10    Spells: 9/9 levels left

rFire    . . .     SeeInvis .   q - +2 giant spiked club (freeze)
rCold    . . .     Faith    .   (shield currently unavailable)
rNeg     . . .     Spirit   .   t - +0 swamp dragon scales
rPois    +         Reflect  .   (helmet restricted)
rElec    .         Harm     .   k - +2 cloak
rCorr    +         Rampage  .   (gloves unavailable)
Will     +....                  (boots unavailable)
Stlth    ..........             (no amulet)
HPRegen  0.28/turn              g - ring of resist corrosion
MPRegen  0.14/turn              (no ring)

@: no status effects
A: large, unfitting armour, tough skin 1
a: Renounce Religion, Heroism


You were on level 9 of the Dungeon.
You worshipped Okawaru.
Okawaru was greatly pleased with you.
You visited 2 branches of the dungeon, and saw 11 of its levels.

You collected 550 gold pieces.

Inventory:

Hand Weapons
 a - a +0 flail
 d - a +2 quarterstaff of chaos
 q - a +2 giant spiked club of freezing (weapon)
 y - a +0 dire flail
Missiles
 z - 4 curare-tipped darts (quivered)
Armour
 b - a +1 robe
 c - a +0 kite shield
 k - a +2 cloak (worn)
 t - +0 swamp dragon scales (worn)
 B - +0 steam dragon scales
Jewellery
 g - a ring of resist corrosion (left hand)
 i - an amulet of faith
 s - a ring of magical power
 u - a ring of ice
 A - an amulet of the acrobat
Wands
 e - a wand of mindburst (5)
 w - a wand of flame (6)
 x - a wand of paralysis (8)
Scrolls
 h - 2 scrolls of teleportation
 v - 2 scrolls of identify
Potions
 f - a potion of flight
 j - 2 potions of curing
 l - 2 potions of attraction {unknown}
 m - a potion of mutation {unknown}
 n - a potion of might
 p - a potion of resistance {unknown}
 r - a potion of lignification
 C - a potion of brilliance


   Skills:
 - Level 10.5 Fighting
 - Level 7.5 Maces & Flails
 + Level 5.7 Armour
 - Level 7.1 Dodging
 - Level 2.6 Shields
 - Level 5.5 Invocations


You had 9 spell levels left.
You didn't know any spells.
Your spell library contained the following spells:

 Spells                   Type           Power      Damage    Failure   Level
 Corona                   Hex            0%         N/A       52%         1
 Ensorcelled Hibernation  Hex/Ice        0%         N/A       67%         2
 Static Discharge         Conj/Air       0%         N/A       67%         2
 Confusing Touch          Hex            0%         N/A       88%         3
 Dazzling Flash           Conj/Hex       0%         N/A       88%         3
 Tukima's Dance           Hex            0%         N/A       88%         3
 Airstrike                Air            0%         N/A       99%         4
 Irradiate                Conj/Tmut      0%         3d13      100%        5
 Lightning Bolt           Conj/Air       0%         1d11      100%        5


Dungeon Overview and Level Annotations

Branches:
Dungeon (10/15)            Temple (1/1) D:4            Lair (0/6) D:9
    Orc: D:9-12

Altars:
Ashenzari
Cheibriados
Dithmenos
Elyvilon
Fedhas
Gozag
Hepliaklqana
Kikubaaqudgha
Makhleb
Nemelex Xobeh
Okawaru
Qazlal
Ru
Sif Muna
Trog
Uskayaw
Vehumet
Wu Jian
Xom
Yredelemnul
Zin
The Shining One

Shops:
D:3 [


Innate Abilities, Weirdness & Mutations

You are too large for most types of armour.
You have tough skin. (AC +1)


Message History

The orc wizard gestures at you while chanting.
The puff of flame hits something!
The orc shouts!
Unknown command.
You closely miss something. Something hits you but does no damage.
Unknown command.
You miss something.
A two-headed ogre comes into view.
It is wielding a +0 giant spiked club and a +0 giant club.
Something hits you but does no damage.
You hear some strange, mumbled words.
Something tries to affect you, but you resist.
The two-headed ogre moves out of view.
You miss something.
An orc comes into view. It is wielding a +0 club.
Something hits you.
Unknown command.
You hit something. You freeze something. Okawaru accepts your kill.
Reactivating autopickup.
You feel a bit more experienced.
You impale the orc wizard!! You freeze the orc wizard.
You kill the orc wizard!
Okawaru accepts your kill.
The two-headed ogre hits you with a +0 giant spiked club!
The two-headed ogre closely misses you.
Unknown command.
You barely miss the two-headed ogre. The two-headed ogre misses you.
The two-headed ogre hits you with a +0 giant club!
Unknown command.
You hit the two-headed ogre. You freeze the two-headed ogre.
The two-headed ogre is lightly wounded.
The two-headed ogre hits you with a +0 giant spiked club!!
* * * LOW HITPOINT WARNING * * *
The two-headed ogre hits you with a +0 giant club!
* * * LOW HITPOINT WARNING * * *
Unknown command.
You barely miss the two-headed ogre.
The two-headed ogre is lightly wounded.
The two-headed ogre hits you with a +0 giant spiked club!!
You die...

#.....>.....######)# #.
...........# #)### #.
..P.oo....# #.#?###.
#....o..#.# #.)#.##.
#...h...#.# ###.###.#.
#...o.##.# #..## ##..
#...# #.# #.#.###.#.
#o####.# #.#..#.###
#oO@...# ##.#<#.## #
######.###..#.#.# #
#.##.......# #
#.###..#.### #
##########.###....######
........................
#######.####..##.#####.#
#.#..#..........# #..
#....###........#####


You could see a two-headed ogre and 2 orcs.

Vanquished Creatures
  Maggie (D:8)
  A yak (D:5)
  2 steam dragons (D:8)
  2 wargs (D:9)
  2 water moccasins (D:5)
  Duvessa (D:7)
  6 sky beasts
  A black bear (D:5)
  2 ice beasts (D:6)
  5 orc warriors
  A necrophage (D:4)
  A centaur (D:5)
  3 ogres
  A phantom (D:5)
  2 kobold brigands
  2 bullfrogs
  A gnoll sergeant (D:8)
  3 scorpions
  A wyvern zombie (D:5)
  Dowan (D:7)
  8 killer bees
  8 wights
  3 howler monkeys (D:9)
  3 centaur zombies
  A bullfrog zombie (D:5)
  8 orc priests
  A centaur skeleton (D:4)
  Crazy Yiuf (D:2)
  A bullfrog skeleton (D:5)
  2 hounds (D:5)
  2 gnoll shamans (D:9)
  An iguana (D:6)
  13 orc wizards
  A killer bee zombie (D:7)
  A hound zombie (D:5)
  2 howler monkey zombies
  13 gnolls
  3 adders (D:6)
  A shadow imp (D:7)
  A white imp (D:6)
  An ufetubus (D:5)
  2 worms
  4 dart slugs
  28 orcs
  5 bats
  5 endoplasms
  4 giant cockroaches
  4 goblins
  4 hobgoblins
  2 jackals (D:1)
  10 kobolds
  2 quokkas
  5 ball pythons
  3 frilled lizards
  5 rats
197 creatures vanquished.

Vanquished Creatures (others)
  A kobold (D:8)
  A plant (D:9)
2 creatures vanquished.

Grand Total: 199 creatures vanquished

Notes
Turn   | Place    | Note
-------+----------+-------------------------------------------
     0 | D:1      | ZappyNine the Ogre Fighter began the quest for the Orb.
     0 | D:1      | Reached XP level 1. HP: 24/24 MP: 1/1
   181 | D:1      | Reached XP level 2. HP: 3/32 MP: 2/2
   181 | D:1      | HP: 1/32 [frilled lizard (2)]
  1248 | D:2      | Reached XP level 3. HP: 38/40 MP: 3/3
  1416 | D:2      | Found a runed translucent door.
  1417 | D:2      | Noticed Crazy Yiuf
  1797 | D:2      | Killed Crazy Yiuf
  1798 | D:2      | Reached skill level 5 in Fighting
  1798 | D:2      | Reached XP level 4. HP: 41/50 MP: 4/4
  1923 | D:3      | Found a faded altar of an unknown god.
  1957 | D:3      | Found Unogg's Antique Armour Shoppe.
  2382 | D:4      | Noticed a scorpion
  2398 | D:4      | Killed a scorpion
  2399 | D:4      | Reached XP level 5. HP: 57/57 MP: 5/5
  2399 | D:4      | Noticed an ogre
  2409 | D:4      | Killed an ogre
  2410 | D:4      | Reached XP level 6. HP: 40/67 MP: 6/6
  2750 | D:4      | Reached skill level 6 in Fighting
  2920 | D:4      | Found a staircase to the Ecumenical Temple.
  2936 | Temple   | Entered the Ecumenical Temple
  3162 | Temple   | Became a worshipper of Warmaster Okawaru
  3239 | D:4      | Noticed a necrophage
  3248 | D:4      | Killed a necrophage
  3420 | D:4      | Reached XP level 7. HP: 22/76 MP: 7/7
  4121 | D:5      | Entered Level 5 of the Dungeon
  4184 | D:5      | Reached * piety under Okawaru
  4185 | D:5      | Reached skill level 7 in Fighting
  4242 | D:5      | Reached skill level 5 in Dodging
  4527 | D:5      | Reached skill level 1 in Invocations
  4577 | D:5      | Reached XP level 8. HP: 34/88 MP: 7/9
  5233 | D:5      | Reached skill level 5 in Maces & Flails
  5367 | D:5      | Reached skill level 8 in Fighting
  5456 | D:5      | Noticed a yak
  5464 | D:5      | Killed a yak
  5464 | D:5      | Reached ** piety under Okawaru
  5746 | D:5      | Found a sparkling altar of Nemelex Xobeh.
  5854 | D:5      | Found a shimmering altar of Xom.
  6111 | D:6      | Reached XP level 9. HP: 70/97 MP: 11/11
  6249 | D:6      | Reached skill level 9 in Fighting
  6547 | D:6      | Reached *** piety under Okawaru
  6621 | D:6      | Found a white marble altar of Elyvilon.
  6853 | D:7      | Noticed Duvessa
  6853 | D:7      | Noticed Dowan
  6866 | D:7      | Killed Dowan
  6870 | D:7      | Killed Duvessa
  7439 | D:7      | Found a burning altar of Makhleb.
  7443 | D:7      | Noticed a cacodemon
  8759 | D:7      | Found a glowing silver altar of Zin.
  8759 | D:7      | Noticed an angel
  8778 | D:7      | Reached skill level 10 in Fighting
  9144 | D:7      | Found an ancient bone altar of Kikubaaqudgha.
  9536 | D:8      | Reached skill level 5 in Invocations
  9886 | D:8      | Noticed Maggie
 10394 | D:8      | Killed Maggie
 10394 | D:8      | Reached **** piety under Okawaru
 10395 | D:8      | Reached XP level 10. HP: 46/111 MP: 12/14
 11438 | D:8      | Reached skill level 1 in Armour
 13577 | D:8      | Identified the Compendium of Floating Arcane Weapons
 13970 | D:9      | You fall into a shaft and drop 1 floor!
 13970 | D:10     | Entered Level 10 of the Dungeon
 14348 | D:9      | Found a staircase to the Lair.
 14365 | D:9      | Reached skill level 5 in Armour
 14405 | D:9      | Noticed a two-headed ogre
 14410 | D:9      | HP: 1/111 [two-headed ogre/+0 giant spiked club (12)]
 14411 | D:9      | Annihilated by a two-headed ogre

Illustrated notes

Levels and vault maps discovered:
D:1:      lightli_arrival_noodles, layout_basic, minmay_domino_4
D:2:      minmay_inner_zag, layout_rooms, uniq_crazy_yiuf_cottage
D:3:      layout_basic, ebering_ecumenical_altar_webs, serial_shops, shop
D:4:      layout_loops_cross, minmay_temple_entry_statues_pillars, st_stairs_10,
          chequers_avenue, kennysheep_generic_room_4
D:5:      layout_basic, marbit_many_paths, lemuel_coloured_pillars_altar,
          minmay_starry_boxes
D:6:      layout_rooms, nicolae_overflow_hidden_temple,
          kennysheep_generic_room_7
D:7:      layout_gridville, grunt_temple_overflow_order_and_chaos_2,
          lemuel_round_altar, chequers_decorated_corner, uniq_duvessa
D:8:      layout_rooms, hangedman_misty_isle, uniq_maggie
D:9:      layout_loops_ring, erik_lair_orcish_takeover, minmay_misc_feat_iff,
          minmay_misc_feat_rugged
D:10:     layout_irregular_city, kennysheep_flooded_box
Temple:   eino_temple_rhombus

Skill      XL: |  1  2  3  4  5  6  7  8  9 10 |
---------------+-------------------------------+-----
Maces & Flails | 2 3 4 5 7 |  7.5
Dodging        | 3 4 5 6 7 |  7.1
Fighting       | 5 6 7 8 10 | 10.5
Invocations    | 1 3 5 |  5.5
Armour         | 5 |  5.7
Shields        | |  2.6

Action                   |  1- 3 |  4- 6 |  7- 9 | 10-12 || total
-------------------------+-------+-------+-------+-------++-------
Melee: Flail             |    80 |       |       |       ||    80
       Quarterstaff      |       |    86 |    84 |       ||   170
       Giant spiked club |       |       |   221 |   228 ||   449
Invok: Heroism           |       |       |       |     1 ||     1
Evoke: Wand              |       |       |    13 |       ||    13
  Use: Potion            |     1 |       |     9 |     3 ||    13
       Scroll            |       |       |    12 |     5 ||    17
 Stab: Sleeping          |     1 |       |     1 |       ||     2
       Petrified         |       |     7 |       |       ||     7
       Distracted        |       |     1 |       |       ||     1
       Paralysed         |       |       |     2 |       ||     2
       Invisible         |       |       |     1 |       ||     1
Armor: Robe              |    32 |    35 |   183 |       ||   250
       Swamp dragon scal |       |       |       |   153 ||   153
Dodge: Dodged            |    38 |    49 |   224 |   153 ||   464
Block: Kite shield       |    35 |       |       |       ||    35

Table legend: (Time is in decaauts)
 A = Elapsed time spent in this place.
 B = Non-inter-level travel time spent in this place.
 C = Inter-level travel time spent in this place.
 D = Time resting spent in this place.
 E = Time spent auto-exploring this place.
 F = Levels seen in this place.
 G = Mean time per level.
                   A        B        C        D        E       F      G
               +--------+--------+--------+--------+--------+-----+--------+
         Total |  14678 |  14366 |    312 |   6242 |   6107 |  11 | 1334.4 |
       Dungeon |  14441 |  14148 |    293 |   6242 |   5890 |  10 | 1444.1 |
        Temple |    237 |    218 |     19 |      0 |    217 |   1 |  237.0 |
               +--------+--------+--------+--------+--------+-----+--------+

Top non-repeatable levels by time:
     D:7: 3411 daAuts
     D:8: 2674 daAuts
     D:5: 1974 daAuts
     D:6: 1692 daAuts
     D:4: 1513 daAuts
     D:1: 1118 daAuts
     D:2: 812 daAuts
     D:9: 511 daAuts
     D:3: 497 daAuts
  Temple: 237 daAuts
    D:10: 234 daAuts
